 Dungeon Crawl Stone Soup version 0.24.0-125-gc4c63601f3 (webtiles) character file.

Game seed: 15531539890206033180, levelgen mode: deterministic

381735 Johnny the Brawler (level 22, -8/225 HPs)
             Began as a Naga Berserker on Feb 27, 2020.
             Was an Elder of Trog.
             Mangled by an orc warlord
             ... wielding a +1 bardiche of freezing
              (16 damage)
             ... on level 4 of the Vaults.
             The game lasted 01:20:21 (44696 turns).

Johnny the Brawler (Naga Berserker)                Turns: 44696, Time: 01:20:22

Health: -8/225     AC: 30    Str: 29    XL:     22   Next: 90%
Magic:  31/31      EV: 12    Int: 13    God:    Trog [****..]
Gold:   1629       SH: 10    Dex: 17    Spells: 18/21 levels left

rFire    + . .     SeeInvis +     - Unarmed
rCold    . . .     Gourm    .   y - +1 shield {AC+3}
rNeg     + . .     Faith    .   U - +3 plate armour {rF+}
rPois    +         Spirit   .   j - +2 helmet of Pleasant Breezes {rElec MR+ Dex+4}
rElec    +         Reflect  .   X - scarf {repulsion}
rCorr    .         Harm     .   s - +0 pair of gloves
MR       +++..                  (no barding)
Stlth    +.........             q - amulet of regeneration
HPRegen  0.87/turn              Q - ring "Niecaps" {MP+9 Int+2 Dex+2 Slay+2}
MPRegen  0.22/turn              x - ring "Juamyi" {rPois rN+ Str+3}

@: repel missiles, very slow
A: large, see invisible, deformed body, poison resistance, slowness 2, slow
metabolism 1, spit poison 1, constrict 1, AC +7
}: 2/15 runes: decaying, serpentine
a: Spit Poison, Berserk, Trog's Hand, Brothers in Arms, Renounce Religion


You were on level 4 of the Vaults.
You worshipped Trog.
Trog was greatly pleased with you.
You were not hungry.

You visited 8 branches of the dungeon, and saw 39 of its levels.
You visited the Abyss 2 times.
You also visited: Volcano.

You collected 3936 gold pieces.
You spent 2307 gold pieces at shops.

Inventory:

Hand Weapons
 G - the +10 mace "Noedgh" {flame, rElec MR- Int+4 Dex+3}
   (You found it on level 5 of the Dungeon)

   It has been specially enchanted to burn those struck by it, causing extra
   injury to most foes and up to half again as much damage against particularly
   susceptible opponents.
   It affects your intelligence (+4).
   It affects your dexterity (+3).
   It insulates you from electricity.
   It affects your resistance to hostile enchantments.
Armour
 j - the +2 helmet of Pleasant Breezes (worn) {rElec MR+ Dex+4}
   (You bought it in a shop on level 2 of the Orcish Mines)

   It affects your dexterity (+4).
   It insulates you from electricity.
   It affects your resistance to hostile enchantments.
 s - a +0 pair of gloves (worn)
 y - a +1 shield of protection (worn)
 M - a +0 troll leather armour
 U - a +3 plate armour of fire resistance (worn)
 X - a scarf of repulsion (worn)
Jewellery
 c - an uncursed ring of protection from cold
 q - an amulet of regeneration (around neck)
 x - the ring "Juamyi" (right hand) {rPois rN+ Str+3}
   (You found it on level 4 of the Dungeon)

   [ring of strength]

   It affects your strength (+3).
   It protects you from poison.
   It protects you from negative energy.
 H - an uncursed amulet of faith
 J - an uncursed ring of resist corrosion
 Q - the ring "Niecaps" (left hand) {MP+9 Int+2 Dex+2 Slay+2}
   (You bought it in a shop on level 1 of the Orcish Mines)

   [ring of slaying]

   It affects your intelligence (+2).
   It affects your dexterity (+2).
   It affects your accuracy and damage with ranged weapons and melee attacks
   (+2).
   It affects your magic capacity (+9).
Wands
 k - a wand of polymorph (1)
 I - a wand of digging (12)
 L - a wand of iceblast (5)
 Y - a wand of paralysis (13)
 Z - a wand of disintegration (6)
Scrolls
 a - 9 scrolls of teleportation
 f - 12 scrolls of magic mapping
 h - 5 scrolls of blinking
 l - 10 scrolls of identify
 m - 10 scrolls of enchant armour
 p - 19 scrolls of remove curse
 u - 8 scrolls of fog
 v - 6 scrolls of fear
 w - 3 scrolls of immolation
 P - 3 scrolls of vulnerability
 S - 2 scrolls of silence
 W - a scroll of torment
Potions
 g - 6 potions of might
 i - 5 potions of flight
 n - 6 potions of haste
 o - 4 potions of berserk rage
 r - 6 potions of ambrosia
 t - 2 potions of invisibility
 A - a potion of heal wounds
 B - 14 potions of curing
 C - 4 potions of mutation
 D - 3 potions of resistance
 E - 2 potions of magic
 F - a potion of agility
 N - 7 potions of lignification
 R - 7 potions of brilliance
Miscellaneous
 d - a lamp of fire (inert)
 e - a phantom mirror
 z - a phial of floods
 O - a lightning rod (4/4)
Comestibles
 b - 54 rations


   Skills:
 + Level 19.5 Fighting
 - Level 15.6 Armour
 - Level 15.7 Dodging
 + Level 12.2 Stealth
 + Level 19.5 Unarmed Combat
 - Level 8.5 Translocations
 + Level 1.9 Transmutations


You had 18 spell levels left.
You knew the following spells:

 Your Spells              Type           Power        Failure   Level  Hunger
a - Blink                 Tloc           N/A          50%         2    ###....
b - Beastly Appendage     Tmut           #.....       99%         1    ##.....

Your spell library contained the following spells:

 Spells                   Type           Power        Failure   Level  Hunger
 Apportation              Tloc           ###...       36%         1    ##.....
 Gell's Gravitas          Tloc           ###.......   73%         3    ####...
 Shroud of Golubria       Chrm/Tloc      ##....       97%         2    ###....
 Recall                   Summ/Tloc      N/A          99%         3    ####...
 Animate Skeleton         Necr           N/A          100%        1    ##.....
 Confusing Touch          Hex            #.....       100%        1    ##.....
 Flame Tongue             Conj/Fire      #....        100%        1    ##.....
 Infusion                 Chrm           #...         100%        1    ##.....
 Magic Dart               Conj           #...         100%        1    ##.....
 Pain                     Necr           #...         100%        1    ##.....
 Sandblast                Erth           #.....       100%        1    ##.....
 Summon Butterflies       Summ           #.......     100%        1    ##.....
 Summon Small Mammal      Summ           #...         100%        1    ##.....
 Call Imp                 Summ           #.......     100%        2    ###....
 Corpse Rot               Necr           N/A          100%        2    ###....
 Passwall                 Tmut/Erth      #.......     100%        2    ###....
 Poisonous Vapours        Pois/Air       #.....       100%        2    ###....
 Searing Ray              Conj           #.....       100%        2    ###....
 Slow                     Hex            #.......     100%        2    ###....
 Song of Slaying          Chrm           #.......     100%        2    ###....
 Sticks to Snakes         Tmut           #.......     100%        2    ###....
 Sublimation of Blood     Necr           #.........   100%        2    ###....
 Throw Flame              Conj/Fire      #.....       100%        2    ###....
 Call Canine Familiar     Summ           #.......     100%        3    ####...
 Confuse                  Hex            #.......     100%        3    ####...
 Conjure Flame            Conj/Fire      #.......     100%        3    ####...
 Dazzling Spray           Conj/Hex       #.....       100%        3    ####...
 Inner Flame              Hex/Fire       #.......     100%        3    ####...
 Mephitic Cloud           Conj/Pois/Air  #.......     100%        3    ####...
 Regeneration             Chrm/Necr      #.........   100%        3    ####...
 Spectral Weapon          Hex/Chrm       #.......     100%        3    ####...
 Spider Form              Tmut/Pois      #.........   100%        3    ####...
 Stone Arrow              Conj/Erth      #.....       100%        3    ####...
 Vampiric Draining        Necr           #.........   100%        3    ####...
 Animate Dead             Necr           N/A          100%        4    #####..
 Cause Fear               Hex            #.........   100%        4    #####..
 Force Lance              Conj/Tloc      ##......     100%        4    #####..
 Fulminant Prism          Conj/Hex       #.........   100%        4    #####..
 Ice Form                 Ice/Tmut       #.......     100%        4    #####..
 Iskenderun's Mystic Bla  Conj           #.......     100%        4    #####..
 Leda's Liquefaction      Hex/Erth       #.........   100%        4    #####..
 Petrify                  Tmut/Erth      #.......     100%        4    #####..
 Sticky Flame             Conj/Fire      #.......     100%        4    #####..
 Summon Ice Beast         Ice/Summ       #.......     100%        4    #####..
 Agony                    Necr           #.......     100%        5    ######.
 Blade Hands              Tmut           #.........   100%        5    ######.
 Bolt of Draining         Conj/Necr      #.........   100%        5    ######.
 Borgnjor's Vile Clutch   Necr/Erth      #.........   100%        5    ######.
 Dispel Undead            Necr           #.......     100%        5    ######.
 Excruciating Wounds      Chrm/Necr      #.........   100%        5    ######.
 Fireball                 Conj/Fire      #.........   100%        5    ######.
 Lee's Rapid Deconstruct  Erth           #.........   100%        5    ######.
 Metabolic Englaciation   Hex/Ice        #.........   100%        5    ######.
 Silence                  Hex/Air        #.........   100%        5    ######.
 Summon Mana Viper        Hex/Summ       #.......     100%        5    ######.
 Yara's Violent Unravell  Hex/Tmut       #.........   100%        5    ######.
 Death Channel            Necr           #.........   100%        6    #######
 Deflect Missiles         Chrm/Air       #.........   100%        6    #######
 Dispersal                Tloc           ###.......   100%        6    #######
 Freezing Cloud           Conj/Ice/Air   #.........   100%        6    #######
 Simulacrum               Ice/Necr       #.........   100%        6    #######
 Statue Form              Tmut/Erth      #........    100%        6    #######
 Ring of Flames           Chrm/Fire      #.........   100%        7    #######
 Summon Hydra             Summ           #.........   100%        7    #######
 Discord                  Hex            #.........   100%        8    #######
 Disjunction              Tloc           ###.......   100%        8    #######


Dungeon Overview and Level Annotations

Branches:
Dungeon (15/15)            Temple (0/1) D:4            Lair (6/6) D:10
  Swamp (4/4) Lair:2        Snake (4/4) Lair:2        Slime (0/5) Lair:6
    Orc (2/2) D:11            Elf (3/3) Orc:2        Vaults (4/5) D:14
  Crypt (0/3) Vaults:2     Depths (1/5) D:15        Volcano (visited)

Altars:
Cheibriados
Elyvilon
Hepliaklqana
Kikubaaqudgha
Nemelex Xobeh
Okawaru
Wu Jian
Yredelemnul
Beogh
Jiyva
Lugonu

Shops:
D:4 %   D:11 }   D:13 %   Orc:1 =   Orc:2 [*?*   Elf:2 ?   Snake:3 ([}
Vaults:3 (

Portals:
Abyss: Depths:1
Pandemonium: Depths:1

Annotations:
Lair:6 1 runed translucent door


Innate Abilities, Weirdness & Mutations

You cannot wear boots.
Your serpentine skin is tough. (AC +7)
You have supernaturally acute eyesight. (SInv)
Armour fits poorly on your strangely shaped body.
Your system is resistant to poisons. (rPois)
You cover ground very slowly.
You have a slow metabolism.
You can spit poison.
You can use your snake-like lower body to constrict enemies.


Message History

An orc warrior comes into view. It is wielding a +0 scimitar.
The orc warrior misses you.
The vault warden is engulfed in blazing flames.
You block the vault warden's attack.
The orc warrior is engulfed in poison gas.
The orc warrior looks even sicker.
The orc warrior hits you from afar with a +0 glaive.
* * * LOW HITPOINT WARNING * * *
You block the vault guard's attack.
The orc knight is engulfed in poison gas.
The orc knight looks even sicker.
The vault guard is engulfed in poison gas.
The vault guard looks as sick as possible!
The vault guard hits you but does no damage.
The orc warlord is engulfed in poison gas.
The orc warlord looks even sicker.
The orc warlord hits you from afar with a +1 bardiche of freezing!!
* * * LOW HITPOINT WARNING * * *
The orc warlord freezes you!
You die...

o.......# #.......#
#.......# # #..§§§§§#
..#...§o☼.#
..'§opoo§.# #§☼§opc.#
#☼§§p@p.# ######'###
#.....(.#############
#.......+...........#
#......(#.....#.....#
#.......#.....#.....#
#.......#.....#.....#
#.......#....###....#
#########.#### ####.#


You could see an orc warlord, a vault warden, 3 vault guards, 2 orc knights, a
yaktaur and 3 orc warriors.

Vanquished Creatures
  An ancient lich (Depths:1)
  Frederick (Depths:1)
  Bai Suzhen (Swamp:4)
  Nikola (Vaults:1)
  2 bone dragons
  Jorgrun (Snake:3)
  Rupert (D:15)
  A deep elf master archer (Elf:3)
  A deep elf blademaster (Elf:2)
  The ghost of LordColdy the Warrior, an adept MiBe of Trog (Swamp:4)
  An Executioner (Abyss:2)
  2 thorn hunters
  3 ancient champions
  Agnes (D:15)
  Kirke (Swamp:2)
  A tengu reaver (Depths:1)
  A shadow dragon (D:15)
  11 nagarajas (Snake:4)
  Donald (Snake:4)
  5 deep elf sorcerers (Elf:3)
  An orc warlord (Orc:2)
  7 vault wardens
  2 draconian knights (Depths:1)
  9 ironheart preservers
  A juggernaut zombie (Depths:1)
  4 deep elf elementalists
  9 stone giants
  An entropy weaver (Lair:5)
  12 very ugly things
  5 deep elf annihilators (Elf:3)
  A vampire knight (D:15)
  5 deep elf demonologists
  A purple draconian (Abyss:2)
  An ettin (Depths:1)
  4 deep elf death magi
  3 deep elf high priests (Elf:3)
  3 fire dragons
  5 yaktaur captains
  12 ogre magi
  Fannar (Lair:3)
  14 naga warriors
  2 vault guards (D:14)
  A rakshasa (Vaults:2)
  13 hydras
  3 shambling mangroves
  A death knight (Depths:1)
  5 centaur warriors
  Erica (D:10)
  5 ghost crabs
  11 anacondas
  An ice dragon (Vaults:3)
  3 catoblepae (Lair:6)
  9 alligators
  48 two-headed ogres
  2 vampire magi (Depths:1)
  21 dancing weapons
  5 thrashing horrors (Abyss:2)
  4 death yaks (Lair:6)
  A deep troll shaman (Depths:1)
  A tengu warrior (D:12)
  5 orc high priests
  7 naga sharpshooters
  A soul eater (Depths:1)
  19 deep elf knights
  8 shock serpents
  A wretched star (Abyss:2)
  An iron troll (Depths:1)
  2 salamander mystics
  8 sea snakes (Snake:4)
  3 shadow wraiths
  7 skeletal warriors
  3 glowing orange brains
  2 spriggan druids
  3 swamp dragons
  A spectral hydra (Swamp:4)
  4 unseen horrors
  6 naga ritualists
  12 deep elf archers
  A flayed ghost (D:15)
  A lindwurm (Lair:6)
  A lindwurm (shapeshifter) (Vaults:2)
  3 deep trolls
  Pikel (D:8)
  13 ironbrand convokers
  5 necromancers
  4 large abominations (Abyss:2)
  44 deep elf magi
  5 wolf spiders
  6 orc sorcerers
  13 orc knights
  39 ugly things
  11 salamanders
  An oklob plant (Lair:4)
  3 manticores
  10 mana vipers
  11 cyclopes
  2 worldbinders (Abyss:2)
  5 elephants
  A stone giant skeleton (Depths:1)
  6 guardian serpents
  14 naga magi
  2 smoke demons (Abyss:2)
  41 black mambas
  The ghost of kalodont the Covert, a novice KoEn of Sif Muna (D:7)
  5 gargoyles
  An apocalypse crab (Abyss:2)
  8 vault sentinels
  A water nymph (shapeshifter) (Vaults:2)
  14 spiny frogs
  An orange demon (Abyss:2)
  A centaur skeleton (D:13)
  Psyche (D:8)
  A molten gargoyle (Volcano)
  A kobold demonologist (D:14)
  3 efreet
  3 rime drakes
  3 swamp worm zombies (Swamp:4)
  28 yaktaurs
  8 komodo dragons
  2 freezing wraiths
  2 ancient zymes (Abyss:2)
  The ghost of Notrik the Skirmisher, an amateur HOFi (D:4)
  3 tengu conjurers
  6 polar bears
  A harpy zombie (D:15)
  6 trolls
  2 hydra zombies (Swamp:4)
  11 hornets
  13 tyrant leeches
  35 blink frogs
  2 blink frogs (shapeshifter)
  2 raiju (Abyss:2)
  A fire giant simulacrum (Vaults:3)
  6 hippogriffs
  5 spectral swamp dragons (Swamp:4)
  4 alligator zombies (Swamp:4)
  A deep troll zombie (Depths:1)
  18 slime creatures
  A fire dragon skeleton (Depths:1)
  9 bog bodies
  A meliai zombie (D:11)
  2 spriggan zombies (Depths:1)
  An air elemental (Elf:2)
  A spriggan (Swamp:3)
  2 flying skulls (Abyss:2)
  A wyvern (D:11)
  A wyvern (shapeshifter) (Vaults:2)
  4 shadows
  A tarantella (shapeshifter) (Depths:1)
  5 water elementals
  4 hogs (Swamp:2)
  32 yaks
  5 fire bats
  6 wraiths
  3 fire elementals
  2 chaos spawn (Abyss:2)
  Grum (D:8)
  A golden eye (Lair:1)
  4 basilisks
  A steam dragon (Volcano)
  30 vampire mosquitoes
  A hungry ghost (D:8)
  6 wargs
  54 nagas
  6 soldier ants
  11 swamp worms
  An acid dragon (D:11)
  A spatial vortex (Abyss:2)
  6 insubstantial wisps
  10 porcupines
  19 water moccasins
  40 orc warriors
  4 swamp dragon zombies (Swamp:4)
  7 sky beasts
  2 slaves (D:8)
  12 swamp drakes
  5 black bears
  A hornet zombie (D:11)
  An eye of draining (D:13)
  3 ice beasts
  9 phantoms
  7 boggarts (Vaults:2)
  A tengu (shapeshifter) (Elf:3)
  41 ogres
  9 crocodiles
  9 wolves
  18 centaurs
  2 big kobolds
  23 bullfrogs
  4 earth elementals
  A wyvern skeleton (D:14)
  A troll zombie (D:9)
  5 scorpions
  11 killer bees
  2 electric eels (D:14)
  14 wights
  3 howler monkeys
  5 crimson imps
  2 centaur zombies
  3 human zombies (D:9)
  3 lava snakes (Volcano)
  3 quasits
  7 jellies
  28 orc priests
  3 bullfrog skeletons
  11 hounds
  8 small abominations (Abyss:2)
  18 orc wizards
  Natasha (thrice) (D:2)
  4 iguanas
  17 worker ants
  An ogre zombie (D:9)
  3 hound skeletons
  2 mummies (D:9)
  A worker ant zombie (D:4)
  13 gnolls
  2 howler monkey skeletons
  A swamp drake zombie (Swamp:4)
  24 adders
  6 shadow imps
  An ooze (D:3)
  2 ufetubi (Abyss:2)
  An adder skeleton (D:4)
  A worm (D:2)
  6 dart slugs
  8 leopard geckos
  114 orcs
  11 bats
  3 giant cockroaches
  12 goblins
  7 hobgoblins
  22 jackals
  5 quokkas
  4 frilled lizards
  A jackal skeleton (D:6)
  A jackal zombie (D:4)
  15 kobolds
  A leopard gecko skeleton (D:7)
  9 rats
  2 briar patches (Swamp:1)
  A lurking horror (Abyss:2)
  A plant (Lair:6)
1677 creatures vanquished.

Vanquished Creatures (collateral kills)
  2 deep elf blademasters (Elf:3)
  An orc warlord (Orc:1)
  An entropy weaver (Lair:5)
  2 deep elf high priests (Elf:3)
  2 vault guards (D:14)
  3 death yaks (Lair:6)
  A two-headed ogre (Orc:1)
  An anaconda (Snake:4)
  10 dancing weapons
  A queen ant (Lair:5)
  A tengu warrior (D:13)
  An orc high priest (Orc:2)
  3 deep elf knights (Elf:2)
  A salamander mystic (Snake:4)
  A sea snake (Snake:4)
  A wizard (Depths:1)
  A deep elf archer (Elf:2)
  A naga ritualist (Snake:4)
  8 deep elf magi
  2 ugly things (D:14)
  An orc sorcerer (Orc:1)
  5 mana vipers (Snake:4)
  4 elephants
  3 black mambas (Snake:4)
  A kobold demonologist (D:14)
  A komodo dragon (D:14)
  3 blink frogs
  5 slime creatures
  4 yaks (Lair:6)
  7 soldier ants
  2 nagas (Snake:4)
  A warg (Orc:2)
  A porcupine (Lair:5)
  12 orc warriors
  3 ogres (Orc:1)
  A crocodile (D:14)
  3 bullfrogs
  4 orc priests (Orc:2)
  A hound (D:14)
  2 orc wizards
  12 worker ants (Lair:5)
  9 orcs
129 creatures vanquished.

Vanquished Creatures (others)
  A deep elf knight (Elf:2)
  A hydra zombie (Swamp:4)
  A vampire mosquito (Swamp:1)
  4 insubstantial wisps (Swamp:4)
  A naga (Snake:4)
  An orc warrior (Elf:2)
  2 wights (D:8)
  A howler monkey (D:8)
  An orc (Vaults:1)
  2 briar patches (Swamp:1)
  13 fungi
  22 plants
50 creatures vanquished.

Grand Total: 1856 creatures vanquished

Notes
Turn   | Place    | Note
-------+----------+-------------------------------------------
     0 | D:1      | Johnny the Naga Berserker began the quest for the Orb.
     0 | D:1      | Reached XP level 1. HP: 21/21 MP: 1/1
   293 | D:1      | Reached XP level 2. HP: 22/28 MP: 2/2
   819 | D:1      | Reached XP level 3. HP: 32/34 MP: 3/3
   898 | D:2      | Found a snail-covered altar of Cheibriados.
  1175 | D:2      | Reached XP level 4. HP: 36/42 MP: 4/4
  1198 | D:2      | Reached ** piety under Trog
  1391 | D:2      | Reached XP level 5. HP: 19/50 MP: 5/5
  1695 | D:2      | Noticed Natasha
  1707 | D:2      | Killed Natasha
  1741 | D:2      | Noticed Natasha
  1757 | D:2      | Killed Natasha
  1762 | D:2      | Noticed Natasha
  1771 | D:2      | Killed Natasha
  1915 | D:2      | Found an ornate altar of the Wu Jian Council.
  2175 | D:3      | Reached XP level 6. HP: 51/57 MP: 6/6
  2881 | D:3      | Reached *** piety under Trog
  2969 | D:3      | Found a hazy altar of Hepliaklqana.
  3010 | D:4      | Found Cefimoif's Food Emporium.
  3041 | D:4      | Got a twitching jade ring
  3050 | D:4      | Identified the ring "Juamyi" {rPois rN+ Str+3} (You found
                  | it on level 4 of the Dungeon)
  3123 | D:4      | Reached XP level 7. HP: 66/66 MP: 7/7
  3387 | D:4      | Found a runed translucent gate.
  3387 | D:4      | Found a runed translucent gate.
  3387 | D:4      | Found a runed translucent gate.
  3387 | D:4      | Noticed Notrik's ghost (amateur HOFi)
  3413 | D:4      | Killed Notrik's ghost
  3413 | D:4      | Reached skill level 5 in Fighting
  3413 | D:4      | Reached skill level 5 in Unarmed Combat
  3413 | D:4      | Reached XP level 8. HP: 74/74 MP: 8/8
  3505 | D:4      | Reached **** piety under Trog
  3506 | D:4      | Found a staircase to the Ecumenical Temple.
  3810 | D:5      | Entered Level 5 of the Dungeon
  3811 | D:5      | You fall into a shaft and drop 2 floors!
  4316 | D:6      | Reached XP level 9. HP: 84/84 MP: 9/9
  4350 | D:6      | Noticed a two-headed ogre
  4359 | D:6      | Killed a two-headed ogre
  4359 | D:6      | Received a gift from Trog
  4359 | D:6      | Reached skill level 5 in Armour
  4359 | D:6      | Reached skill level 5 in Dodging
  5083 | D:5      | Found an iron altar of Okawaru.
  5154 | D:5      | Got an ivory mace
  5265 | D:7      | Reached XP level 10. HP: 94/94 MP: 10/10
  5372 | D:7      | Noticed a deep elf mage
  5403 | D:7      | Noticed a smoke demon
  5511 | D:7      | Noticed a smoke demon
  5513 | D:7      | Noticed a smoke demon
  5516 | D:7      | Killed a deep elf mage
  5637 | D:7      | Reached ***** piety under Trog
  5757 | D:7      | Found a runed translucent gate.
  5757 | D:7      | Noticed kalodont's ghost (novice KoEn)
  5958 | D:7      | Found a runed translucent gate.
  5958 | D:7      | Found a runed translucent gate.
  5960 | D:7      | Found a roughly hewn altar of Beogh.
  5995 | D:7      | Killed kalodont's ghost
  6529 | D:8      | Noticed Psyche
  6537 | D:8      | Killed Psyche
  6557 | D:8      | Noticed a two-headed ogre
  6564 | D:8      | Killed a two-headed ogre
  6665 | D:8      | Reached XP level 11. HP: 104/104 MP: 11/11
  6723 | D:8      | Noticed Pikel
  6752 | D:8      | Killed Pikel
  6808 | D:8      | Noticed Grum
  6834 | D:8      | Killed Grum
  7372 | D:9      | Found a basalt altar of Yredelemnul.
  7582 | D:9      | Noticed an unseen horror
  7630 | D:9      | Killed an unseen horror
  7853 | D:10     | Entered Level 10 of the Dungeon
  7853 | D:10     | Found a staircase to the Lair.
  8311 | D:10     | Noticed Erica
  8322 | D:10     | Killed Erica
  9103 | D:11     | Reached skill level 10 in Fighting
  9103 | D:11     | Reached skill level 10 in Unarmed Combat
  9123 | D:11     | Reached XP level 12. HP: 116/116 MP: 12/12
  9170 | D:11     | Found Igago's Gadget Boutique.
  9171 | D:11     | Found a staircase to the Orcish Mines.
  9174 | D:11     | Noticed a seven-headed hydra
  9185 | D:11     | Killed a seven-headed hydra
  9289 | D:11     | Received a gift from Trog
  9465 | D:11     | Noticed a two-headed ogre
  9473 | D:11     | Killed a two-headed ogre
 10260 | D:12     | Identified the cursed +0 leather armour "Doenubim" {MR++
                  | MP-9 SInv Stlth+}
 10421 | D:12     | Noticed a tengu warrior
 10435 | D:12     | Killed a tengu warrior
 10811 | D:13     | Noticed a tengu warrior
 10819 | D:13     | Killed a tengu warrior
 10855 | D:13     | Gained mutation: You can use your snake-like lower body to
                  | constrict enemies. [Naga growth]
 10855 | D:13     | Reached XP level 13. HP: 127/127 MP: 13/13
 11228 | D:13     | Found Hyjeforo's Food Shoppe.
 11279 | D:13     | Got a smoking chain mail
 11300 | D:13     | Identified the +0 chain mail of Whack-A-Mole {MR- Str+3
                  | SInv} (You found it on level 13 of the Dungeon)
 11347 | D:13     | Found a corrupted altar of Lugonu.
 12274 | D:14     | Received a gift from Trog
 12431 | D:14     | Reached skill level 10 in Dodging
 12561 | D:14     | Reached skill level 10 in Armour
 12570 | D:14     | Found a gate to the Vaults.
 12570 | D:14     | Noticed a vault guard
 12570 | D:14     | Noticed a vault guard
 12570 | D:14     | Noticed a vault guard
 12570 | D:14     | Noticed a vault guard
 12577 | D:14     | Killed a vault guard
 12589 | D:14     | Killed a vault guard
 12592 | D:14     | Killed a vault guard
 12610 | D:14     | HP: 2/128 [vault guard/+0 bardiche (18)]
 12611 | D:14     | Killed a vault guard
 12921 | D:14     | Found a sparkling altar of Nemelex Xobeh.
 13416 | Lair:1   | Entered Level 1 of the Lair of Beasts
 13489 | Lair:1   | Found a dark tunnel.
 13499 | Volcano  | Entered a volcano
 13721 | Volcano  | Reached XP level 14. HP: 110/138 MP: 14/14
 13885 | Volcano  | Found a burning altar of Makhleb.
 13949 | Volcano  | Noticed a stone giant
 13962 | Volcano  | Killed a stone giant
 14462 | Lair:1   | Noticed Sonja
 14465 | Lair:1   | Noticed Sonja
 14465 | Lair:1   | Sonja changed into Sonja the golden eye
 14484 | Lair:1   | Killed Sonja the golden eye
 14593 | Lair:1   | You fall into a shaft and drop 1 floor!
 14721 | Lair:2   | Got an ancient broad axe
 14882 | Lair:2   | Found a staircase to the Snake Pit.
 14895 | Lair:2   | Found a staircase to the Swamp.
 15719 | Snake:1  | Entered Level 1 of the Snake Pit
 16179 | Lair:3   | Noticed Fannar
 16184 | Lair:3   | Killed Fannar
 16208 | Lair:3   | Identified the +6 broad axe of the Illusory Curses {speed,
                  | Str+3} (You found it on level 2 of the Lair of Beasts)
 16544 | Lair:4   | Found a white marble altar of Elyvilon.
 16694 | Lair:4   | Received a gift from Trog
 17187 | Lair:4   | Noticed Nessos
 17191 | Lair:4   | Noticed Nessos
 17191 | Lair:4   | Nessos changed into Nessos the elephant
 17198 | Lair:4   | Killed Nessos the elephant
 17566 | Lair:5   | Noticed an entropy weaver
 17574 | Lair:5   | Killed an entropy weaver
 17733 | Lair:5   | Noticed an entropy weaver
 17742 | Lair:5   | Killed an entropy weaver
 17817 | Lair:5   | Reached XP level 15. HP: 112/148 MP: 15/15
 18251 | Lair:6   | Entered Level 6 of the Lair of Beasts
 18373 | Lair:6   | Received a gift from Trog
 19451 | Lair:6   | Found a runed translucent door.
 19451 | Lair:6   | Found a viscous altar of Jiyva.
 19451 | Lair:6   | Found a staircase to the Slime Pits.
 19944 | Orc:1    | Entered Level 1 of the Orcish Mines
 20003 | Orc:1    | Noticed an orc warlord
 20011 | Orc:1    | Killed an orc warlord
 20013 | Orc:1    | Received a gift from Trog
 20082 | Orc:1    | Found Gamuse's Jewellery Shoppe.
 20097 | Orc:1    | Bought the ring "Niecaps" {MP+9 Int+2 Dex+2 Slay+2} for 829
                  | gold pieces
 20357 | Orc:2    | Entered Level 2 of the Orcish Mines
 20830 | Orc:2    | Found a roughly hewn altar of Beogh.
 20855 | Orc:2    | Paralysed by an orc sorcerer for 4 turns
 21048 | Orc:2    | Found Utrydd's Magic Scroll Boutique.
 21059 | Orc:2    | Bought a scroll of identify for 30 gold pieces
 21059 | Orc:2    | Bought 3 scrolls of identify for 90 gold pieces
 21060 | Orc:2    | Identified the +10 mace "Noedgh" {flame, rElec MR- Int+4
                  | Dex+3} (You found it on level 5 of the Dungeon)
 21072 | Orc:2    | Found Xonuwef's General Store.
 21091 | Orc:2    | Bought a potion of flight for 36 gold pieces
 21091 | Orc:2    | Bought a scroll of teleportation for 36 gold pieces
 21091 | Orc:2    | Bought a scroll of identify for 24 gold pieces
 21391 | Orc:2    | Found a staircase to the Elven Halls.
 21582 | Orc:2    | Noticed an orc warlord
 21589 | Orc:2    | Found a roughly hewn altar of Beogh.
 21594 | Orc:2    | Killed an orc warlord
 21609 | Orc:2    | Found Geabulus's General Store.
 21640 | Orc:2    | Bought a scroll of fear for 42 gold pieces
 21640 | Orc:2    | Bought a scroll of identify for 24 gold pieces
 21678 | Orc:2    | Found Acumac's Antique Armour Shop.
 21728 | Orc:2    | Bought a runed shield for 157 gold pieces
 21728 | Orc:2    | Bought a scorched helmet for 199 gold pieces
 21748 | Orc:2    | Identified the +2 helmet of Pleasant Breezes {rElec MR+
                  | Dex+4} (You bought it in a shop on level 2 of the Orcish
                  | Mines)
 21851 | Orc:2    | Reached XP level 16. HP: 159/159 MP: 16/16
 21853 | Orc:2    | Received a gift from Trog
 22021 | Orc:2    | Bought a scroll of enchant armour for 112 gold pieces
 22021 | Orc:2    | Bought a scroll of teleportation for 45 gold pieces
 22021 | Orc:2    | Bought a scroll of magic mapping for 52 gold pieces
 22021 | Orc:2    | Bought a scroll of fog for 30 gold pieces
 22021 | Orc:2    | Bought a scroll of fog for 30 gold pieces
 22108 | Elf:1    | Entered Level 1 of the Elven Halls
 23730 | Elf:2    | Found Jiahi's Magic Scroll Shoppe.
 23736 | Elf:2    | Bought a scroll of identify for 22 gold pieces
 23736 | Elf:2    | Bought a scroll of identify for 22 gold pieces
 23736 | Elf:2    | Bought a scroll of identify for 22 gold pieces
 23736 | Elf:2    | Bought a scroll of identify for 22 gold pieces
 23736 | Elf:2    | Bought a scroll of fog for 22 gold pieces
 23736 | Elf:2    | Bought 2 scrolls of teleportation for 66 gold pieces
 23736 | Elf:2    | Bought a scroll of enchant armour for 82 gold pieces
 23736 | Elf:2    | Bought a scroll of fog for 22 gold pieces
 23736 | Elf:2    | Bought a scroll of fear for 38 gold pieces
 23736 | Elf:2    | Bought a scroll of identify for 22 gold pieces
 23824 | Elf:2    | Found a huge runed translucent gate.
 23824 | Elf:2    | Found a huge runed translucent gate.
 23824 | Elf:2    | Found a huge runed translucent gate.
 23824 | Elf:2    | Found a huge runed translucent gate.
 23824 | Elf:2    | Found a huge runed translucent gate.
 23941 | Elf:3    | Entered Level 3 of the Elven Halls
 24893 | Elf:2    | Received a gift from Trog
 24902 | Elf:2    | Reached skill level 15 in Fighting
 24902 | Elf:2    | Reached skill level 15 in Unarmed Combat
 24915 | Elf:2    | Noticed a deep elf blademaster
 24931 | Elf:2    | Killed a deep elf blademaster
 24931 | Elf:2    | Reached XP level 17. HP: 113/170 MP: 17/17
 25962 | Elf:3    | Identified the amulet of Gavenir {Reflect rElec Str+6
                  | Slay-4 SH+2 Stlth-}
 26067 | Elf:3    | Cast into level 2 of the Abyss (a deep elf sorcerer)
 26067 | Abyss:2  | Found a corrupted altar of Lugonu.
 26282 | Elf:3    | Escaped the Abyss
 26743 | Elf:3    | Noticed a deep elf master archer
 26753 | Elf:3    | Killed a deep elf master archer
 26958 | Elf:3    | Identified the ring "Tutiefok" {Int+3 Dex+4 Stlth+}
 26959 | Elf:3    | Noticed a deep elf blademaster
 26968 | Elf:3    | Identified the +6 halberd of the Unliving {chop, rPois}
 26970 | Elf:3    | Killed a deep elf blademaster
 26974 | Elf:3    | Noticed a Brimstone Fiend
 26976 | Elf:3    | Noticed a deep elf blademaster
 26988 | Elf:3    | Killed a deep elf blademaster
 27165 | Elf:3    | Identified Sif Muna's Catalogue of the Evil Traveller
 27459 | D:15     | Entered Level 15 of the Dungeon
 27506 | D:15     | Noticed Agnes
 27524 | D:15     | Killed Agnes
 27535 | D:15     | Reached XP level 18. HP: 157/181 MP: 18/18
 27820 | D:15     | Found a sparkling altar of Nemelex Xobeh.
 27911 | D:15     | Noticed Rupert
 27925 | D:15     | Killed Rupert
 28060 | D:15     | Found a staircase to the Depths.
 28119 | Depths:1 | Entered Level 1 of the Depths
 28299 | D:15     | Received a gift from Trog
 28811 | Depths:1 | Identified the Handbook of Unholy Magic
 28836 | Depths:1 | Found a one-way gate to the infinite horrors of the Abyss.
 28948 | Depths:1 | Found a one-way gate leading to the halls of Pandemonium.
 29019 | Depths:1 | Noticed an ancient lich
 29037 | Depths:1 | Killed an ancient lich
 29058 | Depths:1 | Received a gift from Trog
 29361 | Depths:1 | Found an ancient bone altar of Kikubaaqudgha.
 29569 | Depths:1 | Reached XP level 19. HP: 124/190 MP: 19/19
 29865 | Depths:1 | Noticed Frederick
 29882 | Depths:1 | Killed Frederick
 32058 | Snake:3  | Found Ojyrib's Weapon Boutique.
 32130 | Snake:3  | Found Raleicko's Armour Boutique.
 32162 | Snake:3  | Bought a +1 shield of protection for 231 gold pieces
 32207 | Snake:3  | Received a gift from Trog
 32266 | Snake:3  | Found Maulops's Gadget Shop.
 32583 | Snake:3  | Noticed Jorgrun
 32591 | Snake:3  | Killed Jorgrun
 32841 | Snake:4  | Entered Level 4 of the Snake Pit
 32942 | Snake:4  | Noticed Donald
 33054 | Snake:4  | Killed Donald
 33056 | Snake:4  | Reached XP level 20. HP: 201/201 MP: 20/20
 33208 | Snake:4  | Reached skill level 15 in Dodging
 33242 | Snake:4  | Reached skill level 15 in Armour
 33389 | Snake:3  | HP: 10/201 [poisoned by a guardian serpent (bolt of
                  | poison)]
 33394 | Snake:3  | HP: 8/201 [poisoned by a guardian serpent (bolt of poison)]
 33400 | Snake:3  | HP: 8/201 [poisoned by a guardian serpent (bolt of poison)]
 33758 | Snake:4  | Received a gift from Trog
 34463 | Snake:4  | Got a serpentine rune of Zot
 34658 | Swamp:1  | Entered Level 1 of the Swamp
 34933 | Swamp:1  | Identified the Handbook of Ashen Black Secrets
 35340 | Swamp:2  | Noticed Kirke
 35355 | Swamp:2  | Killed Kirke
 35632 | Swamp:2  | Was placed under penance by Trog
 35635 | Swamp:2  | Learned a level 2 spell: Blink
 36100 | Swamp:2  | Identified a scroll of acquirement
 36105 | Swamp:2  | Found the +7 Kryia's mail coat {PotionHeal*2 rC+}
 36195 | Swamp:3  | Found the +7 lajatang of Order {silver, rMut}
 36328 | Swamp:3  | Was forgiven by Trog
 36398 | Swamp:2  | Received a gift from Trog
 37028 | Swamp:4  | Entered Level 4 of the Swamp
 37037 | Swamp:4  | Reached XP level 21. HP: 205/212 MP: 21/21
 37046 | Swamp:4  | Reached skill level 1 in Translocations
 37277 | Swamp:4  | Found an ancient bone altar of Kikubaaqudgha.
 37327 | Swamp:4  | Noticed LordColdy's ghost (adept MiBe)
 37335 | Swamp:4  | Found a transporter.
 37343 | Swamp:4  | Found a transporter.
 37374 | Swamp:4  | Killed LordColdy's ghost
 37517 | Swamp:4  | Noticed Bai Suzhen
 37534 | Swamp:4  | Killed Bai Suzhen
 37921 | Swamp:4  | Noticed a bone dragon
 38172 | Swamp:4  | Reached skill level 1 in Stealth
 38196 | Swamp:4  | Killed a bone dragon
 38594 | Swamp:4  | Got a decaying rune of Zot
 38912 | Vaults:1 | Entered Level 1 of the Vaults
 39051 | Vaults:1 | Reached skill level 5 in Translocations
 39363 | Vaults:1 | Reached skill level 5 in Stealth
 39448 | Vaults:1 | Noticed Nikola
 39458 | Vaults:1 | Killed Nikola
 40656 | Vaults:2 | Found a staircase to the Crypt.
 40687 | Vaults:2 | Reached XP level 22. HP: 179/223 MP: 22/22
 40990 | Vaults:2 | Cast into level 2 of the Abyss (orc knight)
 41568 | Abyss:2  | Found a corrupted altar of Lugonu.
 41607 | Abyss:2  | Found a corrupted altar of Lugonu.
 41647 | Vaults:2 | Escaped the Abyss
 41791 | Vaults:2 | Reached skill level 10 in Stealth
 42454 | Vaults:2 | Was placed under penance by Trog
 42456 | Vaults:2 | Learned a level 1 spell: Beastly Appendage
 43405 | Vaults:3 | Was forgiven by Trog
 43621 | Vaults:3 | Got a smoking ring mail
 43635 | Vaults:3 | Found Keosir's Antique Weapon Emporium.
 43677 | Vaults:3 | Identified the +0 ring mail of Hudeloj {Str+2} (You found
                  | it on level 3 of the Vaults)
 44196 | Vaults:3 | Reached skill level 1 in Transmutations
 44696 | Vaults:4 | HP: 8/225 [orc warlord/+1 bardiche of freezing (34)]
 44696 | Vaults:4 | Mangled by an orc warlord

Levels and vault maps discovered:
D:1:      ncdulo_wetmaze, layout_loops_cross
D:2:      layout_loops_cross, lemuel_coloured_pillars_altar,
          kennysheep_slug_shrine, uniq_natasha
D:3:      minmay_bubble_buster, layout_loops_corners, lemuel_round_altar
D:4:      layout_loops_ring, minmay_temple_entry_tees, first_ration,
          serial_shops, nicolae_shop_stone, gammafunk_ghost_necromancy
D:5:      layout_cave_pools, kennysheep_okawaru_gauntlet
D:6:      layout_rooms
D:7:      layout_rooms, biasface_ghost_orc_armoury
D:8:      layout_gridville, uniq_psyche, uniq_grum, uniq_pikel
D:9:      layout_long_grid, lemuel_mausoleum_altar_yredelemnul
D:10:     layout_cave_pods, due_lair_maze_entry_diamond, uniq_erica
D:11:     layout_irregular_city, orc_0_dummy, serial_shops, nicolae_shop_stone
D:12:     layout_long_grid, grunt_tengu_nest
D:13:     layout_irregular_city, serial_shops, kennysheep_mini, tgw_lugonu_bribe
D:14:     minmay_spotlight, layout_irregular_city,
          lightli_vaults_fourway_checkpoint, grunt_decor_mini_mirrors,
          basic_altar, serial_bayou, serial_bayou_ford_a, serial_bayou_lagoon_a,
          serial_bayou_pond_e, serial_bayou_pond_d
D:15:     grunt_enter_depths_magical_seal, layout_irregular_city,
          nemelex_xobeh_ov_fountains_minmay, uniq_agnes, uniq_rupert
Lair:1:   layout_long_grid, nicolae_volcano_entry_batcave,
          infiniplex_staircase_pool_2, lemuel_fruit_tree, uniq_sonja
Lair:2:   layout_loops_ring, swamp_mist, minmay_snake_entry_six_corridors
Lair:3:   layout_regular_city, uniq_fannar
Lair:4:   layout_cave_pods, serial_forest, infiniplex_forest_corner_2,
          infiniplex_forest_lined_3, infiniplex_forest_end_2,
          infiniplex_forest_straight_2, infiniplex_forest_end_1,
          infiniplex_forest_corner_1, infiniplex_forest_lined_room_2,
          infiniplex_forest_lined_ring, lemuel_oklob_altar, uniq_nessos
Lair:5:   layout_loops_ring, minmay_another_anthill
Lair:6:   evilmike_catoblepas_cave, layout_regular_city, slime_altar_2
Swamp:1:  layout_basic_swamp, hangedman_swamp_pad
Swamp:2:  layout_basic_swamp, evilmike_swamp_ruin_rubble_1, swamp_pool3,
          grunt_hermit_hut, uniq_kirke
Swamp:3:  layout_basic_swamp, hangedman_swamp_ruin_hall, swamp_pool5
Swamp:4:  swamp_pestilence, layout_basic_swamp, gammafunk_ghost_arena,
          swamp_pool1, nicolae_swamp_godswood, uniq_bai_suzhen
Snake:1:  layout_onion_interference
Snake:2:  layout_gridlike, grunt_ministairs_2, st_stairs_6, grunt_megastairs_3
Snake:3:  layout_concentric_octagons, serial_shops, shop,
          nicolae_shop_temple_entry_statues_fountains, shop, uniq_jorgrun
Snake:4:  grunt_snake_rune_pools, layout_onion_interference, grunt_ministairs_7,
          nicolae_snake_single_loop, uniq_donald
Orc:1:    layout_caves, serial_shops, shop
Orc:2:    pubby_orc_utopia
Elf:1:    minmay_elf_arrival_plus, layout_loops_corners, lemuel_flamethrower_2
Elf:2:    layout_geoelf_octagon, serial_shops, shop
Elf:3:    minmay_elf_hall_curves, layout_geoelf_diagonals, minivault_11
Vaults:1: ontoclasm_vaults_loading_screen, ontoclasm_vaults_ligature, v_misc_23,
          nicolae_vaults_twisting_passages, v_misc_27, v_misc_32,
          grunt_vaults_bifocal, v_misc_2, vaults_dpeg_cross,
          layout_vaults_big_room, uniq_nikola
Vaults:2: grunt_vaults_hallway_long, nicolae_vaults_bisected_inception,
          nicolae_vaults_network_barrier, minmay_crypt_entry_simple_walls,
          vaults_mumra_hex, vaults_dpeg_hooks, v_misc_14, v_misc_8,
          hangedman_vaults_impose, ontoclasm_vaults_chip,
          nicolae_vaults_mini_display_case, nicolae_vaults_alarming, v_rooms_5,
          layout_vaults_ring
Vaults:3: nicolae_vaults_three_branches, nicolae_vaults_sealed_display,
          vaults_room_corners, grunt_vaults_funnel, vaults_dpeg_encased_lava,
          nicolae_vaults_little_squares_3, vaults_room_hallway,
          layout_vaults_omnigrid, serial_shops, nicolae_shop_statue_plus
Vaults:4: nicolae_vaults_asterisk, vaults_room_semicircle,
          grunt_vaults_hallway_long, v_alt_pattern_1, special_room_vaults
          [special_room_orc], hangedman_vaults_hat,
          ontoclasm_vaults_claustrophobia, v_misc_19, v_misc_24,
          grunt_vaults_hallway_short, vaults_room_pools,
          hangedman_vaults_restitches, v_rooms_2, nicolae_vaults_theta,
          ontoclasm_vaults_spin, v_misc_5, v_misc_22, layout_vaults_maze
Depths:1: layout_roguey [special_room_morgue], pan_entry,
          abyss_entry_small_statue_room, lightli_too_deep,
          kennysheep_flooded_box, serial_sigils_hangedman_writhe,
          minmay_misc_feat_nine_boxes, sword_in_stone

Skill      XL: |  1  2  3  4  5  6  7  8  9 10 11 12 13 14 15 16 17 18 19 20 21 22 |
---------------+-------------------------------------------------------------------+-----
Dodging        | 2 3 4 5 7 8 9 10 11 12 13 14 15 | 15.7
Armour         | 2 3 4 5 7 8 9 10 11 12 13 14 15 | 15.6
Fighting       | 4 5 6 7 8 10 11 12 13 14 15 16 17 18 19 | 19.5
Unarmed Combat | 4 5 6 7 8 10 11 12 13 14 15 16 17 18 19 | 19.5
Translocations | 7 8 |  8.5
Stealth        | 7 12 | 12.2
Transmutations | 1 |  1.9

Action                   |  1- 3 |  4- 6 |  7- 9 | 10-12 | 13-15 | 16-18 | 19-21 | 22-24 || total
-------------------------+-------+-------+-------+-------+-------+-------+-------+-------++-------
Melee: Unarmed           |   114 |   267 |   407 |  1045 |  1256 |  1068 |  1775 |   646 ||  6578
       Punch             |       |       |    16 |    22 |       |       |       |       ||    38
       Constrict         |       |       |       |       |   251 |   184 |   372 |   113 ||   920
Invok: Berserk           |       |     5 |     8 |    22 |    28 |    24 |    18 |     2 ||   107
       Brothers in Arms  |       |       |       |     5 |    17 |    21 |     9 |       ||    52
       Trog's Hand       |       |       |       |     3 |     3 |     9 |    20 |     2 ||    37
Evoke: Wand              |       |       |     4 |    12 |    13 |     3 |    19 |     3 ||    54
       Lightning rod     |       |       |       |       |     5 |       |     5 |       ||    10
       Lamp of fire      |       |       |       |       |       |       |     3 |     3 ||     6
       Box of beasts     |       |       |       |       |       |       |     2 |       ||     2
  Use: Potion            |       |     1 |       |     2 |     2 |     4 |     8 |     1 ||    18
       Scroll            |       |     3 |     4 |     8 |    12 |    20 |    13 |     2 ||    62
 Stab: Distracted        |       |       |       |       |     2 |     3 |       |       ||     5
       Invisible         |       |       |       |       |       |     2 |       |    14 ||    16
       Paralysed         |       |       |       |       |       |     2 |     4 |       ||     6
       Confused          |       |       |       |       |       |       |     2 |       ||     2
  Eat: Chunk             |       |     9 |    13 |    36 |    44 |    37 |    20 |     4 ||   163
       Ration            |       |       |     1 |     1 |     6 |     5 |    12 |     3 ||    28
Armor: Chain mail        |    68 |   157 |   254 |    80 |     3 |       |       |       ||   562
       Plate armour      |       |       |       |   587 |   696 |   500 |  1320 |   364 ||  3467
       Fire dragon scale |       |       |       |       |       |     2 |       |       ||     2
Dodge: Dodged            |    37 |   116 |   192 |   497 |   550 |   295 |  1020 |   349 ||  3056
       Deflected         |       |       |       |       |       |    22 |    90 |    15 ||   127
Block: Buckler           |       |       |       |    71 |   121 |       |       |       ||   192
       Shield            |       |       |       |       |   110 |   444 |  1043 |   355 ||  1952
